Map: Hard Lead LE

Players

Zek - Winner!

  • Race: Protoss Protoss
  • League: Platinum
  • Spawn Location: 11:00

Subwayeatn

  • Race: Zerg Zerg
  • League: Platinum
  • Spawn Location: 5:00

VOD

Have the link to the VOD?

Description

Time

  • Played on: Oct. 28, 2023, 6:55 p.m.
  • Length: 10:05
Show
View Real Time Build Order
Export as new Build Order

Zek Protoss - Winner!

Build Orders:  

Get SALT Encoding   

  12  0:00  Probe  
  13  0:12  Probe  
  14  0:21  Pylon  
  14  0:24  Probe  
  15  0:31  Assimilator  
  15  0:39  Probe  
  16  0:46  Gateway  
  16  0:51  Probe (Chrono Boost)  
  17  1:03  Probe (Chrono Boost)  
  18  1:09  Probe (Chrono Boost)  
  19  1:17  Probe  
  20  1:22  Pylon  
  20  1:29  Probe  
  21  1:39  Zealot (Chrono Boost)  
  23  1:44  Cybernetics Core  
  23  1:48  Pylon  
  23  1:55  Gateway  
  23  2:00  Pylon  
  23  2:06  Probe  
  24  2:18  Probe  
  25  2:24  Zealot  
  25  2:25  Warp Gate (Chrono Boost)  
  27  2:35  Probe  
  24  2:44  Adept  
  19  3:02  Adept  
  21  3:11  Probe  
  21  3:12  Stargate  
  22  3:22  Assimilator  
  22  3:23  Probe (Chrono Boost)  
  23  3:30  Stalker  
  26  3:34  Probe (Chrono Boost)  
  26  3:39  Probe (Chrono Boost)  
  27  3:49  Probe  
  28  3:57  Pylon  
  28  4:13  Nexus  
  28  4:19  Probe  
  29  4:25  Oracle  
  32  4:31  Probe (Chrono Boost)  
  33  4:43  Probe (Chrono Boost)  
  34  4:48  Probe (Chrono Boost)  
  34  4:52  Robotics Facility  
  35  4:58  Probe  
  36  5:03  Twilight Council  
  36  5:10  Probe  
  37  5:22  Probe  
  42  5:30  Void Ray  
  42  5:39  Probe  
  43  5:53  Probe x2  
  45  6:05  Probe x2  
  51  6:12  Warp Prism (Chrono Boost)  
  51  6:13  Void Ray (Chrono Boost)  
  51  6:15  Dark Shrine  
  51  6:17  Probe  
  54  6:24  Assimilator  
  54  6:29  Pylon  
  54  6:43  Charge (Chrono Boost), Pylon  
  54  6:47  Probe x2  
  56  6:59  Probe x2 (Chrono Boost)  
  58  7:04  Stalker  
  58  7:07  Pylon  
  60  7:11  Probe (Chrono Boost)  
  60  7:13  Pylon  
  62  7:17  Probe (Chrono Boost)  
  62  7:20  Gateway, Probe (Chrono Boost)  
  62  7:21  Gateway  
  63  7:23  Gateway  
  63  7:24  Probe (Chrono Boost)  
  63  7:26  Probe  
  63  7:29  Dark Templar x2  
  69  7:35  Probe  
  70  8:00  Probe x2  
  72  8:12  Probe x2  
  64  8:21  Immortal (Chrono Boost)  
  64  8:24  Probe x2  
  70  8:30  Robotics Bay  
  70  8:35  Robotics Facility  
  70  8:38  Probe  
  70  8:39  Probe  
  72  8:53  Immortal, Probe x2  
  78  8:58  Pylon x2  
  78  9:00  Assimilator  
  78  9:04  Dark Templar x3  
  78  9:06  Zealot  
  86  9:14  Pylon x2  
  86  9:17  Pylon  
  86  9:21  Zealot  
  88  9:26  Zealot  
  90  9:39  Zealot x2  
  90  9:40  Zealot  
  92  10:04  Stalker  
Show
View Real Time Build Order
Export as new Build Order

Subwayeatn Zerg 

Build Orders: Pool First 

Get SALT Encoding   

  12  0:18  Spawning Pool  
  11  0:21  Drone  
  11  0:26  Drone  
  13  0:30  Drone  
  14  0:40  Overlord  
  14  1:07  Zergling x2  
  15  1:24  Zergling x2  
  15  1:25  Zergling x4  
  18  1:30  Queen  
  20  1:40  Hatchery  
  19  1:48  Zergling x4  
  21  2:02  Zergling x2  
  20  2:44  Zergling x2  
  20  2:51  Queen  
  18  2:59  Queen  
  18  3:04  Extractor  
  18  3:05  Drone x5  
  24  3:26  Overlord  
  24  3:27  Queen  
  24  3:29  Drone x2  
  24  3:30  Hatchery  
  27  3:48  Drone x6  
  33  4:01  Overlord  
  33  4:25  Metabolic Boost  
  33  4:34  Drone  
  33  4:35  Drone x3  
  33  4:36  Drone x2  
  33  4:38  Drone x2  
  41  5:00  Extractor  
  39  5:21  Drone x3, Baneling Nest  
  41  5:29  Evolution Chamber  
  41  5:35  Roach Warren, Evolution Chamber  
  38  5:48  Drone x4, Extractor  
  38  5:49  Drone x4  
  45  6:00  Spore Crawler  
  45  6:01  Spore Crawler  
  45  6:03  Spore Crawler  
  41  6:10  Zerg Missile Weapons Level 1  
  40  6:11  Zerg Ground Armor Level 1  
  40  6:19  Overlord  
  40  6:20  Overlord x2  
  40  6:25  Lair  
  40  6:29  Drone x2  
  40  6:30  Drone  
  40  6:32  Drone x7  
  50  6:33  Overlord x2  
  50  6:34  Overlord  
  50  6:48  Zergling x2  
  50  6:49  Overlord  
  51  7:00  Drone x11  
  62  7:12  Zergling x2  
  63  7:25  Glial Reconstitution  
  63  7:31  Overlord  
  63  7:38  Drone x2  
  63  7:39  Hydralisk Den  
  63  7:41  Roach  
  63  7:42  Roach x13  
  92  7:49  Overseer  
  87  7:53  Queen  
  87  7:56  Roach  
  84  7:58  Overlord  
  84  7:59  Overlord  
  77  8:22  Overseer  
  79  8:33  Hydralisk  
  79  8:40  Hydralisk x2  
  83  8:45  Drone  
  83  8:46  Drone x3  
  83  8:47  Drone x6  
  83  8:48  Drone x2  
  93  8:51  Extractor, Drone x3  
  93  8:52  Extractor  
  94  9:07  Drone  
  95  9:14  Hatchery  
  94  9:27  Drone x2  
  96  9:32  Ravager x2  
  96  9:33  Ravager  
  96  9:37  Hydralisk  
Tags
 
Matchup
PvZ
Opening
Pool First
Replay Pack
Multiplayer
Spawn Locations
Cross Positions
Add a new tag
Caveats
  • Supply blocks, unpowered buildings, or Contaminate may cause inaccurate times.
  • Supply counts are checked every 10 seconds.